3AA
YAKIMA HOPS @ BILLINGS POLAR BEARS
08/24/2032
 
TOP OF THE 1ST
Yakima Hops batting - Pitching for Billings Polar Bears : RHP Selim Ferré
Pitching: RHP Selim Ferré
Batting: LHB Roderick Simpson 0-0: Foul Ball, location: 2F
0-1: Ball
1-1: Ball
2-1: Ball
3-1: Fly out, F9 (Flyball, 9S)
Batting: RHB Cristián Coronado 0-0: Ball
1-0: Ball
2-0: Foul Ball, location: 2F
2-1: Foul Ball, location: 2F
2-2: Ground out 5-3 (Groundball, 56)
Batting: RHB Gérard Chesnutt 0-0: Fly out, F7 (Flyball, 7S)
Top of the 1st over - 0 runs, 0 hits, 0 errors, 0 left on base; Yakima 0 - Billings 0
BOTTOM OF THE 1ST
Billings Polar Bears batting - Pitching for Yakima Hops : RHP Jeff Mahl
Pitching: RHP Jeff Mahl
Batting: SHB Jorge Alou 0-0: Fly out, F8 (Flyball, 8LM)
Batting: LHB Robby Young 0-0: Ball
1-0: Foul Ball, location: 2F
1-1: Ball
2-1: SINGLE (Groundball, 6S) (infield hit)
Batting: LHB Mark Armstead 0-0: DOUBLE (Groundball, 5L)
Robby Young to third
Runner from 3rd tries for Home, throw and OUT!
Batting: SHB Kilipaki Malamapono 0-0: Called Strike
0-1: Foul Ball, location: 2F
0-2: Foul Ball, location: 2F
0-2: Strikes out swinging
Bottom of the 1st over - 0 runs, 2 hits, 0 errors, 1 left on base; Yakima 0 - Billings 0
TOP OF THE 2ND
Yakima Hops batting - Pitching for Billings Polar Bears : RHP Selim Ferré
Batting: RHB Bob Houghton 0-0: Ball
1-0: Ball
2-0: Called Strike
2-1: DOUBLE (Line Drive, 7LM)
Batting: LHB Mo Wyndham 0-0: Ball
1-0: Fly out, F9 (Flyball, 9)
Batting: RHB Tom Woolever 0-0: Foul Ball, location: 2F
0-1: Ball
1-1: Fly out, F4 (Popup, 3D)
Batting: LHB Jesús De Jesús 0-0: Foul Ball, location: 2F
0-1: Foul Ball, location: 2F
0-2: Ball
1-2: Ball
2-2: Ball
3-2: Base on Balls
Batting: RHB Mike Capes 0-0: Ball
1-0: Ball
2-0: Ball
3-0: Called Strike
3-1: Foul Ball, location: 2F
3-2: Base on Balls
Bob Houghton to third
Jesús De Jesús to second
Batting: RHB Mikael Evangjeli 0-0: Fielders Choice at 2nd, 5-4 (Groundball, 5)
Top of the 2nd over - 0 runs, 1 hit, 0 errors, 3 left on base; Yakima 0 - Billings 0
BOTTOM OF THE 2ND
Billings Polar Bears batting - Pitching for Yakima Hops : RHP Jeff Mahl
Batting: LHB Jorge Vélez 0-0: Ball
1-0: Ball
2-0: Ball
3-0: Called Strike
3-1: Base on Balls
Batting: RHB Luis Pérez 0-0: Ball
1-0: Called Strike
1-1: Called Strike
1-2: Ball
2-2: Ground out 6-3 (Groundball, 6MD)
Jorge Vélez to second
Batting: RHB Mick Spargo 0-0: Ball
1-0: Swinging Strike
1-1: Ball
2-1: Fly out, F7 (Line Drive, 78M)
Batting: RHB Corey Dudding 0-0: Ball
1-0: Ball
2-0: Ball
3-0: Called Strike
3-1: Called Strike
3-2: Foul Ball, location: 2F
3-2: Base on Balls
Batting: RHB Chuk-yan Yang 0-0: Foul Ball, location: 2F
0-1: Ball
1-1: Called Strike
1-2: Foul Ball, location: 2F
1-2: Ground out 1-3 (Groundball, 13)
Bottom of the 2nd over - 0 runs, 0 hits, 0 errors, 2 left on base; Yakima 0 - Billings 0
TOP OF THE 3RD
Yakima Hops batting - Pitching for Billings Polar Bears : RHP Selim Ferré
Batting: LHB Roderick Simpson 0-0: Ball
1-0: Called Strike
1-1: Ball
2-1: Reached on error, E4 (Groundball, 4)
Batting: RHB Cristián Coronado 0-0: Foul Ball, location: 2F
0-1: Ball
1-1: Ball
2-1: DOUBLE (Flyball, 89XD)
Roderick Simpson to third
Batting: RHB Gérard Chesnutt 0-0: Foul Ball, location: 2F
0-1: Ball
1-1: Called Strike
1-2: Ground out 6-3 (Groundball, 6)
Roderick Simpson scores
Cristián Coronado to third
Batting: RHB Bob Houghton 0-0: Ground out 5-3 (Groundball, 56)
Cristián Coronado scores
Batting: LHB Mo Wyndham 0-0: Ground out 3-1 (Groundball, 23)
Top of the 3rd over - 2 runs, 1 hit, 1 error, 0 left on base; Yakima 2 - Billings 0
BOTTOM OF THE 3RD
Billings Polar Bears batting - Pitching for Yakima Hops : RHP Jeff Mahl
Batting: SHB Jorge Alou 0-0: Called Strike
0-1: Ball
1-1: Ground out 3-1 (Groundball, 34)
Batting: LHB Robby Young 0-0: Ball
1-0: Swinging Strike
1-1: Ground out 5-3 (Groundball, 56)
Batting: LHB Mark Armstead 0-0: Ball
1-0: Foul Ball, location: 2F
1-1: Swinging Strike
1-2: Ball
2-2: Ball
3-2: Base on Balls
Batting: SHB Kilipaki Malamapono 0-0: Ball
1-0: Called Strike
1-1: Ball
2-1: Fly out, F8 (Line Drive, 8LS)
Bottom of the 3rd over - 0 runs, 0 hits, 0 errors, 1 left on base; Yakima 2 - Billings 0
TOP OF THE 4TH
Yakima Hops batting - Pitching for Billings Polar Bears : RHP Selim Ferré
Batting: RHB Tom Woolever 0-0: Called Strike
0-1: Ball
1-1: Swinging Strike
1-2: Ball
2-2: Foul Ball, location: 2F
2-2: Fly out, F8 (Flyball, 8LD)
Batting: LHB Jesús De Jesús 0-0: Called Strike
0-1: Foul Ball, location: 2F
0-2: Ball
1-2: Foul Ball, location: 2F
1-2: Ball
2-2: Ball
3-2: SINGLE (Line Drive, 8RS)
Batting: RHB Mike Capes 0-0: Fly out, F9 (Flyball, 9D)
Batting: RHB Mikael Evangjeli 0-0: Ball
1-0: DOUBLE (Flyball, 89D)
Jesús De Jesús to third
Batting: LHB Roderick Simpson 0-0: Called Strike
0-1: Ball
1-1: Called Strike
1-2: Ball
2-2: Foul Ball, location: 2F
2-2: SINGLE (Line Drive, 89S)
Jesús De Jesús scores
Mikael Evangjeli to third
Runner from 3rd tries for Home, SAFE, no throw
Batting: RHB Cristián Coronado 0-0: Ball
1-0: Swinging Strike
1-1: Ball
2-1: Ball
3-1: SINGLE (Groundball, 4MD)
Roderick Simpson to second
Runner from 2nd tries for 3rd, OUT!
Top of the 4th over - 2 runs, 4 hits, 0 errors, 1 left on base; Yakima 4 - Billings 0
BOTTOM OF THE 4TH
Billings Polar Bears batting - Pitching for Yakima Hops : RHP Jeff Mahl
Batting: LHB Jorge Vélez 0-0: Ground out 4-3 (Groundball, 4)
Batting: RHB Luis Pérez 0-0: Ball
1-0: Called Strike
1-1: Ball
2-1: Fly out, F4 (Line Drive, 4)
Batting: RHB Mick Spargo 0-0: Called Strike
0-1: Ball
1-1: Swinging Strike
1-2: Strikes out swinging
Bottom of the 4th over - 0 runs, 0 hits, 0 errors, 0 left on base; Yakima 4 - Billings 0
TOP OF THE 5TH
Yakima Hops batting - Pitching for Billings Polar Bears : RHP Selim Ferré
Batting: RHB Gérard Chesnutt 0-0: Ball
1-0: Swinging Strike
1-1: Called Strike
1-2: Strikes out swinging
Batting: RHB Bob Houghton 0-0: Fly out, F9 (Flyball, 9D)
Batting: LHB Mo Wyndham 0-0: Ball
1-0: Ball
2-0: Foul Ball, location: 2F
2-1: Ball
3-1: Base on Balls
Pitching: LHP Tadeo Pico
Batting: RHB Tom Woolever 0-0: Ball
1-0: Ball
2-0: Ball
3-0: Base on Balls
Mo Wyndham to second
Batting: LHB Jesús De Jesús 0-0: Swinging Strike
0-1: Swinging Strike
0-2: Foul Ball, location: 2F
0-2: Ball
1-2: Ball
2-2: Foul Ball, location: 2F
2-2: Ball
3-2: Strikes out looking
Top of the 5th over - 0 runs, 0 hits, 0 errors, 2 left on base; Yakima 4 - Billings 0
BOTTOM OF THE 5TH
Billings Polar Bears batting - Pitching for Yakima Hops : RHP Jeff Mahl
Batting: RHB Corey Dudding 0-0: Ball
1-0: Ball
2-0: Ball
3-0: Base on Balls
Batting: RHB Chuk-yan Yang 0-0: Called Strike
0-1: Hit by Pitch
Corey Dudding to second
Batting: SHB Jorge Alou 0-0: Fly out, F6 (Line Drive, 6)
Lined into DP, 6-4 (Line Drive, 6)
Batting: LHB Robby Young 0-0: Ball
1-0: Ball
2-0: Swinging Strike
2-1: Fly out, F7 (Flyball, 7)
Bottom of the 5th over - 0 runs, 0 hits, 0 errors, 1 left on base; Yakima 4 - Billings 0
TOP OF THE 6TH
Yakima Hops batting - Pitching for Billings Polar Bears : LHP Tadeo Pico
Batting: RHB Mike Capes 0-0: Foul Ball, location: 2F
0-1: Ball
1-1: Swinging Strike
1-2: Foul Ball, location: 2F
1-2: Ball
2-2: Strikes out looking
Batting: RHB Mikael Evangjeli 0-0: Fly out, F7 (Flyball, 7)
Batting: LHB Roderick Simpson 0-0: Called Strike
0-1: Fly out, F4 (Popup, 34S)
Top of the 6th over - 0 runs, 0 hits, 0 errors, 0 left on base; Yakima 4 - Billings 0
BOTTOM OF THE 6TH
Billings Polar Bears batting - Pitching for Yakima Hops : RHP Jeff Mahl
Batting: LHB Mark Armstead 0-0: Called Strike
0-1: Ground out 4-3 (Groundball, 4D)
Batting: SHB Kilipaki Malamapono 0-0: Ball
1-0: Ball
2-0: Ball
3-0: Called Strike
3-1: Base on Balls
Batting: LHB Jorge Vélez 0-0: Ball
1-0: Fly out, F7 (Flyball, 78S)
Batting: RHB Luis Pérez 0-0: Fly out, F8 (Flyball, 8RD)
Bottom of the 6th over - 0 runs, 0 hits, 0 errors, 1 left on base; Yakima 4 - Billings 0
TOP OF THE 7TH
Yakima Hops batting - Pitching for Billings Polar Bears : LHP Tadeo Pico
Batting: RHB Cristián Coronado 0-0: Foul Ball, location: 2F
0-1: Ball
1-1: Ball
2-1: Foul Ball, location: 2F
2-2: Ground out 5-3 (Groundball, 56)
Batting: RHB Gérard Chesnutt 0-0: Called Strike
0-1: Foul Ball, location: 2F
0-2: Strikes out swinging
Batting: RHB Bob Houghton 0-0: Called Strike
0-1: Called Strike
0-2: Strikes out swinging
Top of the 7th over - 0 runs, 0 hits, 0 errors, 0 left on base; Yakima 4 - Billings 0
BOTTOM OF THE 7TH
Billings Polar Bears batting - Pitching for Yakima Hops : RHP Jeff Mahl
Batting: RHB Mick Spargo 0-0: Ball
1-0: Ball
2-0: Called Strike
2-1: Ground out 6-3 (Groundball, 6)
Batting: RHB Corey Dudding 0-0: Called Strike
0-1: Ball
1-1: Ball
2-1: Ground out 4-3 (Groundball, 34)
Batting: RHB Chuk-yan Yang 0-0: Called Strike
0-1: Foul Ball, location: 2F
0-2: Ball
1-2: Strikes out looking
Bottom of the 7th over - 0 runs, 0 hits, 0 errors, 0 left on base; Yakima 4 - Billings 0
TOP OF THE 8TH
Yakima Hops batting - Pitching for Billings Polar Bears : LHP Tadeo Pico
Batting: LHB Mo Wyndham 0-0: Ball
1-0: Fly out, F9 (Flyball, 89M)
Batting: RHB Tom Woolever 0-0: Called Strike
0-1: Ball
1-1: Foul Ball, location: 2F
1-2: Ground out 6-3 (Groundball, 6M)
Batting: LHB Jesús De Jesús 0-0: Ball
1-0: Ball
2-0: Ball
3-0: Base on Balls
Batting: RHB Mike Capes 0-0: Called Strike
0-1: Called Strike
0-2: Ball
1-2: Ball
2-2: Strikes out looking
Top of the 8th over - 0 runs, 0 hits, 0 errors, 1 left on base; Yakima 4 - Billings 0
BOTTOM OF THE 8TH
Billings Polar Bears batting - Pitching for Yakima Hops : RHP Jeff Mahl
Pitching: RHP Jeff Seawright
Batting: SHB Jorge Alou 0-0: Called Strike
0-1: SINGLE (Flyball, 7LM)
Batting: LHB Robby Young 0-0: Foul Ball, location: 2F
0-1: Ball
1-1: Foul Ball, location: 2F
1-2: Ball
2-2: Foul Ball, location: 2F
2-2: Strikes out swinging
Batting: LHB Mark Armstead 0-0: Called Strike
0-1: Ball
1-1: Ground out 4-3 (Groundball, 34D)
Jorge Alou to second
Batting: SHB Kilipaki Malamapono 0-0: Ball
1-0: Ball
2-0: Swinging Strike
2-1: Ball
3-1: Base on Balls
Batting: LHB Jorge Vélez 0-0: Ball
1-0: Foul Ball, location: 2F
1-1: Ball
2-1: Swinging Strike
2-2: Ground out 4-3 (Groundball, 4S)
Bottom of the 8th over - 0 runs, 1 hit, 0 errors, 2 left on base; Yakima 4 - Billings 0
TOP OF THE 9TH
Yakima Hops batting - Pitching for Billings Polar Bears : LHP Tadeo Pico
Batting: RHB Mikael Evangjeli 0-0: Ground out 6-3 (Groundball, 6M)
Batting: LHB Roderick Simpson 0-0: Called Strike
0-1: Swinging Strike
0-2: Ball
1-2: Foul Ball, location: 2F
1-2: SINGLE (Line Drive, 9S)
Batting: RHB Cristián Coronado 0-0: Ball
1-0: Ball
2-0: Ball
3-0: Base on Balls
Roderick Simpson to second
Batting: RHB Gérard Chesnutt 0-0: Ball
1-0: Grounds into double play, 1-6-3 (Groundball, 13)
Top of the 9th over - 0 runs, 1 hit, 0 errors, 1 left on base; Yakima 4 - Billings 0
BOTTOM OF THE 9TH
Billings Polar Bears batting - Pitching for Yakima Hops : RHP Jeff Seawright
Batting: RHB Luis Pérez 0-0: Ball
1-0: Fly out, F6 (Line Drive, 6)
Batting: RHB Mick Spargo 0-0: Ball
1-0: Fly out, F9 (Flyball, 9LMF)
Batting: RHB Corey Dudding 0-0: Ball
1-0: Called Strike
1-1: Called Strike
1-2: Ball
2-2: Fly out, F8 (Flyball, 8RXD)
Bottom of the 9th over - 0 runs, 0 hits, 0 errors, 0 left on base; Yakima 4 - Billings 0
Wednesday, September 19th, 2018 - OOTP Baseball 18.8 Build 76